TOP OF THE 1ST |
Southern Maryland Blue Crabs batting - Pitching for Columbus Reds : RHP Amador Sadaba
|
Pitching: RHP Amador Sadaba
|
|
Batting: RHB Kevin Popowicz
|
0-0: Ball 1-0: Ball 2-0: Called Strike 2-1: Ball 3-1: Base on Balls
|
Batting: LHB Jeremy Nuzzo
|
0-0: Called Strike 0-1: Ball 1-1: Swinging Strike 1-2: Fielders Choice at 2nd, 4-6 (Groundball, 34, EV 83.1 MPH)
|
Batting: RHB Maup Gommers
|
0-0: Called Strike 0-1: Swinging Strike 0-2: Ball 1-2: Fly out, F7 (Flyball, 7D, EV 82.5 MPH)
|
Batting: LHB Xue-liang Zhou
|
0-0: Ball 1-0: Swinging Strike 1-1: Foul Ball, location: 2F 1-2: Ball 2-2: Fly out, F7 (Flyball, 7, EV 91.2 MPH)
|
Top of the 1st over - 0 runs, 0 hits, 0 errors, 1 left on base; Southern Maryland 0 - Columbus 0 |
BOTTOM OF THE 1ST |
Columbus Reds batting - Pitching for Southern Maryland Blue Crabs : RHP Olaf Barker
|
Pitching: RHP Olaf Barker
|
|
Batting: RHB Alex de Leon
|
0-0: Ball 1-0: Hit by Pitch
|
Batting: RHB Ben Burkholder
|
0-0: Ball 1-0: Called Strike Alex de Leon steals 2nd, throwing error, E2 Alex de Leon to third 1-1: Ball 2-1: Foul Ball, location: 2F 2-2: Foul Ball, location: 2F 2-2: Ball 3-2: Ground out 6-3 (Groundball, 6, EV 88.1 MPH) Alex de Leon scores
|
Batting: RHB Alex Juarez
|
0-0: Ball 1-0: Called Strike 1-1: Ground out 3-1 (Groundball, 34, EV 88.8 MPH)
|
Batting: LHB Jamie Spangenberg
|
0-0: Called Strike 0-1: Ball 1-1: Foul Ball, location: 2F 1-2: SINGLE (Groundball, 6M, EV 103.1 MPH)
|
Batting: SHB Cesar Pelayo
|
0-0: Ball 1-0: Foul Ball, location: 2F 1-1: Foul Ball, location: 2F Balk! Jamie Spangenberg to second 1-2: Ball 2-2: Strikes out looking
|
Bottom of the 1st over - 1 run, 1 hit, 1 error, 1 left on base; Southern Maryland 0 - Columbus 1 |
TOP OF THE 2ND |
Southern Maryland Blue Crabs batting - Pitching for Columbus Reds : RHP Amador Sadaba
|
Batting: RHB Jonathan Mendoza
|
0-0: Fly out, F8 (Flyball, 8LXD, EV 83.1 MPH)
|
Batting: RHB Alfredo Reguera
|
0-0: Ball 1-0: Foul Ball, location: 2F 1-1: Foul Ball, location: 2F 1-2: Ground out 4-3 (Groundball, 4, EV 98.8 MPH)
|
Batting: LHB Chris Cohen
|
0-0: Called Strike 0-1: Ball 1-1: Ball 2-1: Ball 3-1: Base on Balls
|
Batting: RHB Ruben Domingues
|
0-0: Called Strike Chris Cohen steals 2nd base 0-1: Foul Ball, location: 2F 0-2: Ground out 5-3 (Groundball, 56S, EV 85.0 MPH)
|
Top of the 2nd over - 0 runs, 0 hits, 0 errors, 1 left on base; Southern Maryland 0 - Columbus 1 |
BOTTOM OF THE 2ND |
Columbus Reds batting - Pitching for Southern Maryland Blue Crabs : RHP Olaf Barker
|
Batting: RHB Aaron Barraza
|
0-0: Ball 1-0: Ball 2-0: Foul Ball, location: 2F 2-1: Ball 3-1: Base on Balls
|
Batting: RHB Ernie Maldonado
|
0-0: Ball 1-0: Swinging Strike 1-1: Fielders Choice at 2nd, 5-4 (Groundball, 5L, EV 110.6 MPH)
|
Batting: LHB Jose Cruz
|
0-0: Ball 1-0: Ball 2-0: Ball 3-0: Called Strike 3-1: Base on Balls Ernie Maldonado to second
|
Batting: LHB Mike Becerra
|
0-0: Fly out, F7 (Flyball, 78D, EV 90.0 MPH)
|
Batting: RHB Alex de Leon
|
0-0: Ball 1-0: Swinging Strike 1-1: Called Strike 1-2: Ball 2-2: Ball 3-2: Foul Ball, location: 2F 3-2: Fly out, F8 (Flyball, 89D, EV 105.6 MPH)
|
Bottom of the 2nd over - 0 runs, 0 hits, 0 errors, 2 left on base; Southern Maryland 0 - Columbus 1 |
TOP OF THE 3RD |
Southern Maryland Blue Crabs batting - Pitching for Columbus Reds : RHP Amador Sadaba
|
Batting: RHB Han Caspers
|
0-0: Ball 1-0: Ball 2-0: Ball 3-0: Called Strike 3-1: Base on Balls
|
Batting: RHB Kevin Popowicz
|
0-0: Ball Han Caspers is caught stealing 2nd base 2-4 1-0: Ball 2-0: Ball 3-0: Foul Ball, location: 2F 3-1: Base on Balls
|
Batting: LHB Jeremy Nuzzo
|
0-0: Swinging Strike 0-1: Called Strike 0-2: Ball 1-2: Foul Ball, location: 2F 1-2: Ball 2-2: Foul Ball, location: 2F 2-2: Fly out, F7 (Flyball, 7, EV 91.9 MPH)
|
Batting: RHB Maup Gommers
|
0-0: Foul Ball, location: 2F 0-1: SINGLE (Line Drive, 8RS, EV 110.6 MPH) Kevin Popowicz to second Runner from 2nd tries for 3rd, SAFE, throw by CF made to third
|
Batting: LHB Xue-liang Zhou
|
0-0: Ball 1-0: Ball 2-0: Ball 3-0: Called Strike 3-1: Swinging Strike 3-2: Foul Ball, location: 2F 3-2: Base on Balls Maup Gommers to second
|
Batting: RHB Jonathan Mendoza
|
0-0: Foul Ball, location: 2F 0-1: Called Strike 0-2: Strikes out swinging
|
Top of the 3rd over - 0 runs, 1 hit, 0 errors, 3 left on base; Southern Maryland 0 - Columbus 1 |
BOTTOM OF THE 3RD |
Columbus Reds batting - Pitching for Southern Maryland Blue Crabs : RHP Olaf Barker
|
Batting: RHB Ben Burkholder
|
0-0: Ball 1-0: SINGLE (Line Drive, 9LS, EV 99.4 MPH)
|
Batting: RHB Alex Juarez
|
0-0: Foul Ball, location: 2F 0-1: Ball 1-1: Ball 2-1: Ball 3-1: Fly out, F6 (Popup, 6MD, EV 72.5 MPH)
|
Batting: LHB Jamie Spangenberg
|
0-0: Called Strike 0-1: Called Strike 0-2: Ball 1-2: Fly out, F8 (Flyball, 8RD, EV 103.8 MPH)
|
Batting: SHB Cesar Pelayo
|
0-0: Swinging Strike 0-1: Ball 1-1: Ball 2-1: Swinging Strike 2-2: Strikes out swinging
|
Bottom of the 3rd over - 0 runs, 1 hit, 0 errors, 1 left on base; Southern Maryland 0 - Columbus 1 |
TOP OF THE 4TH |
Southern Maryland Blue Crabs batting - Pitching for Columbus Reds : RHP Amador Sadaba
|
Batting: RHB Alfredo Reguera
|
0-0: Ball 1-0: Ball 2-0: Ball 3-0: Called Strike 3-1: Base on Balls
|
Batting: LHB Chris Cohen
|
0-0: Ball 1-0: Ball 2-0: Foul Ball, location: 2F 2-1: Ball 3-1: SINGLE (Groundball, 34D, EV 98.8 MPH) Alfredo Reguera to second Runner from 2nd tries for 3rd, SAFE, throw by RF made to third
|
Batting: RHB Ruben Domingues
|
0-0: Called Strike 0-1: Fly out, F9 (Flyball, 9LS, EV 88.1 MPH)
|
Batting: RHB Han Caspers
|
0-0: Ball 1-0: Ball 2-0: Ball 3-0: Base on Balls Chris Cohen to second
|
Batting: RHB Kevin Popowicz
|
0-0: Ball 1-0: Ball 2-0: Ball 3-0: Foul Ball, location: 2F 3-1: Base on Balls Alfredo Reguera scores Chris Cohen to third Han Caspers to second
|
Batting: LHB Jeremy Nuzzo
|
0-0: Foul Ball, location: 2F 0-1: Called Strike 0-2: Strikes out looking
|
Batting: RHB Maup Gommers
|
0-0: Swinging Strike 0-1: Swinging Strike 0-2: Ball 1-2: Strikes out swinging
|
Top of the 4th over - 1 run, 1 hit, 0 errors, 3 left on base; Southern Maryland 1 - Columbus 1 |
BOTTOM OF THE 4TH |
Columbus Reds batting - Pitching for Southern Maryland Blue Crabs : RHP Olaf Barker
|
Batting: RHB Aaron Barraza
|
0-0: Called Strike 0-1: Called Strike 0-2: Ball 1-2: Ball 2-2: Ground out 4-3 (Groundball, 4M, EV 93.8 MPH)
|
Batting: RHB Ernie Maldonado
|
0-0: Called Strike 0-1: Ball 1-1: Swinging Strike 1-2: Strikes out swinging
|
Batting: LHB Jose Cruz
|
0-0: Ball 1-0: Foul Ball, location: 2F 1-1: Fly out, F8 (Flyball, 8LM, EV 87.5 MPH)
|
Bottom of the 4th over - 0 runs, 0 hits, 0 errors, 0 left on base; Southern Maryland 1 - Columbus 1 |
TOP OF THE 5TH |
Southern Maryland Blue Crabs batting - Pitching for Columbus Reds : RHP Amador Sadaba
|
Batting: LHB Xue-liang Zhou
|
0-0: Ground out 6-3 (Groundball, 6, EV 82.5 MPH)
|
Batting: RHB Jonathan Mendoza
|
0-0: Ball 1-0: Swinging Strike 1-1: Fly out, F7 (Flyball, 78D, EV 106.2 MPH)
|
Batting: RHB Alfredo Reguera
|
0-0: Called Strike 0-1: Called Strike 0-2: TRIPLE (Flyball, 78XD, EV 93.8 MPH)
|
Batting: LHB Chris Cohen
|
0-0: Called Strike 0-1: Ball 1-1: Ball 2-1: Foul Ball, location: 2F 2-2: Strikes out swinging
|
Top of the 5th over - 0 runs, 1 hit, 0 errors, 1 left on base; Southern Maryland 1 - Columbus 1 |
BOTTOM OF THE 5TH |
Columbus Reds batting - Pitching for Southern Maryland Blue Crabs : RHP Olaf Barker
|
Batting: LHB Mike Becerra
|
0-0: Ball 1-0: Swinging Strike 1-1: Called Strike 1-2: Strikes out swinging, 2-3 out at first.
|
Batting: RHB Alex de Leon
|
0-0: Hit by Pitch
|
Batting: RHB Ben Burkholder
|
0-0: 2-RUN HOME RUN (Line Drive, 89XD, EV 116.9 MPH), Distance : 454 ft
|
Batting: RHB Alex Juarez
|
0-0: Called Strike 0-1: Ball 1-1: Foul Ball, location: 2F 1-2: Foul Ball, location: 2F 1-2: Strikes out swinging
|
Batting: LHB Jamie Spangenberg
|
0-0: Ball 1-0: Ball 2-0: Called Strike 2-1: Called Strike 2-2: Foul Ball, location: 2F 2-2: Ball 3-2: Base on Balls
|
Batting: SHB Cesar Pelayo
|
0-0: Ball 1-0: Called Strike 1-1: Ball 2-1: Ball 3-1: Base on Balls Jamie Spangenberg to second
|
Batting: RHB Aaron Barraza
|
0-0: Fielders Choice at 2nd, 6-4 (Groundball, 6, EV 97.5 MPH)
|
Bottom of the 5th over - 2 runs, 1 hit, 0 errors, 2 left on base; Southern Maryland 1 - Columbus 3 |
TOP OF THE 6TH |
Southern Maryland Blue Crabs batting - Pitching for Columbus Reds : RHP Amador Sadaba
|
Batting: RHB Ruben Domingues
|
0-0: Foul Ball, location: 2F 0-1: Foul Ball, location: 2F 0-2: Ground out 3-1 (Groundball, 34, EV 88.8 MPH)
|
Batting: RHB Han Caspers
|
0-0: Called Strike 0-1: Bunted foul 0-2: Ball 1-2: Strikes out looking
|
Batting: RHB Kevin Popowicz
|
0-0: Ball 1-0: Foul Ball, location: 2F 1-1: Ball 2-1: DOUBLE (Flyball, 8LXD, EV 96.9 MPH)
|
Batting: LHB Jeremy Nuzzo
|
0-0: Ball 1-0: Ball 2-0: Fly out, F8 (Flyball, 8RD, EV 93.8 MPH)
|
Top of the 6th over - 0 runs, 1 hit, 0 errors, 1 left on base; Southern Maryland 1 - Columbus 3 |
BOTTOM OF THE 6TH |
Columbus Reds batting - Pitching for Southern Maryland Blue Crabs : RHP Olaf Barker
|
Batting: RHB Ernie Maldonado
|
0-0: Ball 1-0: Swinging Strike 1-1: SINGLE (Groundball, 56, EV 99.4 MPH)
|
Pitching: LHP Gilberto Lugo
|
|
Batting: LHB Jose Cruz
|
0-0: Grounds into double play, 4-6-3 (Groundball, 4, EV 93.1 MPH)
|
Batting: LHB Mike Becerra
|
0-0: Ball 1-0: Called Strike 1-1: Swinging Strike 1-2: Fly out, F8 (Flyball, 8RM, EV 96.2 MPH)
|
Bottom of the 6th over - 0 runs, 1 hit, 0 errors, 0 left on base; Southern Maryland 1 - Columbus 3 |
TOP OF THE 7TH |
Southern Maryland Blue Crabs batting - Pitching for Columbus Reds : RHP Amador Sadaba
|
Now in RF: Tim Kirk
|
|
Batting: RHB Maup Gommers
|
0-0: Ball 1-0: SINGLE (Groundball, 6D, EV 97.5 MPH)
|
Batting: LHB Xue-liang Zhou
|
0-0: Ball 1-0: SINGLE (Line Drive, 4MD, EV 103.8 MPH) Maup Gommers to second
|
Batting: RHB Jonathan Mendoza
|
0-0: Swinging Strike 0-1: Fly out, F7 (Flyball, 7S, EV 83.1 MPH)
|
Batting: RHB Alfredo Reguera
|
0-0: Called Strike 0-1: Ball 1-1: Ball 2-1: Ball 3-1: Base on Balls Maup Gommers to third Xue-liang Zhou to second
|
Batting: LHB Chris Cohen
|
0-0: Foul Ball, location: 2F 0-1: Ball 1-1: Foul Ball, location: 2F 1-2: Ball 2-2: Ball 3-2: Foul Ball, location: 2F 3-2: Base on Balls Maup Gommers scores Xue-liang Zhou to third Alfredo Reguera to second
|
Pinch Hitting: SHB Eric Kelley
|
0-0: Called Strike 0-1: Swinging Strike 0-2: Strikes out swinging
|
Batting: RHB Han Caspers
|
0-0: Ball 1-0: Fly out, F8 (Flyball, 8RM, EV 91.2 MPH)
|
Top of the 7th over - 1 run, 2 hits, 0 errors, 3 left on base; Southern Maryland 2 - Columbus 3 |
BOTTOM OF THE 7TH |
Columbus Reds batting - Pitching for Southern Maryland Blue Crabs : LHP Gilberto Lugo
|
Now in CF: Eric Kelley
|
|
Batting: RHB Alex de Leon
|
0-0: Ball 1-0: Ball 2-0: Foul Ball, location: 2F 2-1: Foul Ball, location: 2F 2-2: Strikes out swinging
|
Batting: RHB Ben Burkholder
|
0-0: Called Strike 0-1: Ball 1-1: Foul Ball, location: 2F 1-2: Ball 2-2: DOUBLE (Line Drive, 7LD, EV 109.4 MPH)
|
Batting: RHB Alex Juarez
|
0-0: Intentional Walk
|
Batting: LHB Jamie Spangenberg
|
0-0: Called Strike Ben Burkholder is caught stealing 3rd base 2-5 0-1: Swinging Strike 0-2: Strikes out looking
|
Bottom of the 7th over - 0 runs, 1 hit, 0 errors, 1 left on base; Southern Maryland 2 - Columbus 3 |
TOP OF THE 8TH |
Southern Maryland Blue Crabs batting - Pitching for Columbus Reds : RHP Amador Sadaba
|
Batting: RHB Kevin Popowicz
|
0-0: Ball 1-0: Ball 2-0: Called Strike 2-1: Called Strike 2-2: Ball 3-2: Base on Balls
|
Pitching: LHP Gabe Alcantara
|
|
Pinch Hitting: RHB Simon Van Steenwyk
|
0-0: Ball 1-0: Called Strike 1-1: Ball 2-1: Ball 3-1: Base on Balls Kevin Popowicz to second
|
Batting: RHB Maup Gommers
|
0-0: Fly out, F8 (Flyball, 8RM, EV 95.6 MPH)
|
Pinch Hitting: RHB Minoru Matsumoto
|
0-0: Ball 1-0: Foul Ball, location: 2F 1-1: Ball 2-1: Fly out, F8 (Flyball, 8RXD, EV 86.9 MPH) Runner from 2nd tags up, SAFE at 3rd, no throw by CF
|
Batting: RHB Jonathan Mendoza
|
0-0: Called Strike 0-1: Foul Ball, location: 2F 0-2: DOUBLE (Groundball, 5L, EV 95.0 MPH) Kevin Popowicz scores Simon Van Steenwyk to third Runner from 3rd tries for Home, SAFE, throw by LF to home
|
Batting: RHB Alfredo Reguera
|
0-0: Called Strike 0-1: Ball 1-1: Foul Ball, location: 2F 1-2: Ball 2-2: SINGLE (Groundball, 4M, EV 102.5 MPH) (infield hit) Jonathan Mendoza to third
|
Batting: LHB Chris Cohen
|
0-0: Ball 1-0: Ball 2-0: Ball 3-0: Base on Balls Alfredo Reguera to second
|
Batting: SHB Eric Kelley
|
0-0: Called Strike 0-1: Swinging Strike 0-2: Foul Ball, location: 2F 0-2: Foul Ball, location: 2F 0-2: Ball 1-2: Ball 2-2: Strikes out swinging
|
Top of the 8th over - 2 runs, 2 hits, 0 errors, 3 left on base; Southern Maryland 4 - Columbus 3 |
BOTTOM OF THE 8TH |
Columbus Reds batting - Pitching for Southern Maryland Blue Crabs : LHP Gilberto Lugo
|
Now at 1B: Minoru Matsumoto
|
|
Now in LF: Pat Fontana
|
|
Batting: SHB Cesar Pelayo
|
0-0: Called Strike 0-1: Ball 1-1: Ball 2-1: Foul Ball, location: 2F 2-2: Strikes out swinging
|
Batting: RHB Aaron Barraza
|
0-0: Foul Ball, location: 2F 0-1: SINGLE (Line Drive, 78D, EV 102.5 MPH)
|
Pitching: RHP Harold Price
|
|
Batting: RHB Ernie Maldonado
|
0-0: Called Strike 0-1: Ball 1-1: Foul Ball, location: 2F 1-2: DOUBLE (Line Drive, 7LM, EV 101.2 MPH) Aaron Barraza to third
|
Pinch Hitting: RHB Ch'ang-chieh Hsia
|
0-0: Single, Error in OF, E9, batter to second base (Line Drive, 3, EV 97.5 MPH) Aaron Barraza scores Ernie Maldonado scores
|
Batting: LHB Tim Kirk
|
0-0: Intentional Walk
|
Batting: RHB Alex de Leon
|
0-0: Ball 1-0: Foul Ball, location: 2F 1-1: Called Strike 1-2: SINGLE (Groundball, 6D, EV 103.8 MPH) Ch'ang-chieh Hsia to third Tim Kirk to second
|
Batting: RHB Ben Burkholder
|
0-0: Called Strike 0-1: Ball 1-1: Ball 2-1: Foul Ball, location: 2F 2-2: DOUBLE (Line Drive, 7LM, EV 112.5 MPH) Ch'ang-chieh Hsia scores Tim Kirk scores Alex de Leon to third Runner from 3rd tries for Home, SAFE, throw by LF to home
|
Pitching: RHP Joe Underhill
|
|
Batting: RHB Alex Juarez
|
0-0: Ball 1-0: Ball 2-0: Ball 3-0: Called Strike 3-1: Ground out U3 (Groundball, 34S, EV 78.8 MPH) Ben Burkholder to third
|
Batting: LHB Jamie Spangenberg
|
0-0: Ground out 6-3 (Groundball, 6M, EV 101.9 MPH)
|
Bottom of the 8th over - 5 runs, 5 hits, 1 error, 1 left on base; Southern Maryland 4 - Columbus 8 |
TOP OF THE 9TH |
Southern Maryland Blue Crabs batting - Pitching for Columbus Reds : LHP Gabe Alcantara
|
Now at C: Alex Villagomez
|
|
Now at 2B: Aaron Barraza
|
|
Now in LF: Ed Santibanez
|
|
Now in CF: Ben Burkholder
|
|
Pinch Hitting: SHB Carlos Carrillo
|
0-0: Called Strike 0-1: Ball 1-1: Ball 2-1: Ball 3-1: Called Strike 3-2: Base on Balls
|
Batting: RHB Kevin Popowicz
|
0-0: Ball 1-0: Ball 2-0: Ball 3-0: Base on Balls Carlos Carrillo to second
|
Batting: LHB Pat Fontana
|
0-0: Ball 1-0: Ball 2-0: Foul Ball, location: 2F 2-1: DOUBLE (Line Drive, 89D, EV 93.8 MPH) Carlos Carrillo scores Kevin Popowicz to third
|
Batting: RHB Maup Gommers
|
0-0: Ball 1-0: Called Strike 1-1: Called Strike 1-2: SINGLE (Line Drive, 9S, EV 92.5 MPH) Kevin Popowicz scores Pat Fontana to third
|
Batting: RHB Minoru Matsumoto
|
0-0: Called Strike 0-1: Ball 1-1: Foul Ball, location: 2F 1-2: Strikes out swinging
|
Batting: RHB Jonathan Mendoza
|
0-0: Swinging Strike 0-1: 3-RUN HOME RUN (Flyball, 7D, EV 99.4 MPH), Distance : 397 ft
|
Batting: RHB Alfredo Reguera
|
0-0: Foul Ball, location: 2F 0-1: Ball 1-1: Foul Ball, location: 2F 1-2: Foul Ball, location: 2F 1-2: Ball 2-2: Ball 3-2: Base on Balls
|
Batting: LHB Chris Cohen
|
0-0: Foul Ball, location: 2F 0-1: Ball 1-1: Ball 2-1: SINGLE (Flyball, 8RS, EV 99.4 MPH) Alfredo Reguera to second Runner from 2nd tries for 3rd, SAFE, no throw by CF
|
Pitching: RHP Jay Harrison
|
|
Batting: SHB Eric Kelley
|
0-0: Called Strike 0-1: Ball 1-1: Ground out 4-3 (Groundball, 34, EV 76.9 MPH) Chris Cohen to second
|
Batting: SHB Carlos Carrillo
|
0-0: Ball 1-0: Swinging Strike 1-1: Called Strike 1-2: Strikes out swinging
|
Top of the 9th over - 5 runs, 4 hits, 0 errors, 2 left on base; Southern Maryland 9 - Columbus 8 |
BOTTOM OF THE 9TH |
Columbus Reds batting - Pitching for Southern Maryland Blue Crabs : RHP Joe Underhill
|
Pitching: LHP Ronnie Pickering
|
|
Now at C: Carlos Carrillo
|
|
Now at 2B: Kevin Popowicz
|
|
Now at SS: Ivan Alvarez
|
|
Batting: SHB Cesar Pelayo
|
0-0: Ball 1-0: Ball 2-0: Called Strike 2-1: Foul Ball, location: 2F 2-2: Strikes out swinging
|
Batting: RHB Aaron Barraza
|
0-0: Ball 1-0: Foul Ball, location: 2F 1-1: Ground out 6-3 (Groundball, 6, EV 110.6 MPH)
|
Batting: RHB Ernie Maldonado
|
0-0: SINGLE (Groundball, 6S, EV 70.6 MPH) (infield hit)
|
Batting: RHB Alex Villagomez
|
0-0: Called Strike 0-1: Fly out, F8 (Line Drive, 78M, EV 96.9 MPH)
|
Bottom of the 9th over - 0 runs, 1 hit, 0 errors, 1 left on base; Southern Maryland 9 - Columbus 8 |
|